 Dungeon Crawl Stone Soup version 0.23.2-40-g277498a001 (webtiles) character file.

Game seed: 15403215639446801972

1329 Curus the Carver (level 8, -2/96 HPs)
             Began as a Minotaur Berserker on Oct 13, 2019.
             Was an Elder of Trog.
             Slain by Pikel
             ... wielding a +1 whip of electrocution
              (7 damage)
             ... on level 6 of the Dungeon.
             The game lasted 00:22:53 (4602 turns).

Curus the Carver (Minotaur Berserker)               Turns: 4602, Time: 00:22:54

Health: -2/96      AC: 10    Str: 26      XL:     8   Next: 34%
Magic:  7/7        EV:  6    Int:  5 (6)  God:    Trog [****..]
Gold:   310        SH:  7    Dex:  8 (11) Spells: 7/7 levels left

rFire    . . .     SeeInvis .   a - +0 falchion
rCold    + . .     Gourm    .   j - +0 shield
rNeg     . . .     Faith    .   s - +0 chain mail {rC+}
rPois    .         Spirit   .   (helmet restricted)
rElec    .         Reflect  .   o - +1 cloak
rCorr    .         Harm     .   (no gloves)
MR       +....                  (no boots)
Stlth    ..........             (no amulet)
HPRegen  0.26/turn              v - ring of protection from magic
MPRegen  0.10/turn              (no ring)

@: berserking, very quick
A: retaliatory headbutt, horns 2
a: Berserk, Trog's Hand, Brothers in Arms, Renounce Religion


You were on level 6 of the Dungeon.
You worshipped Trog.
Trog was greatly pleased with you.
You were hungry.

You visited 1 branch of the dungeon, and saw 6 of its levels.
You also visited: Ossuary.

You collected 310 gold pieces.

Inventory:

Hand Weapons
 a - a +0 falchion (weapon)
Armour
 b - a +1 animal skin
 j - a +0 shield (worn)
 k - a +0 leather armour
 m - a +0 ring mail
 o - a +1 cloak (worn)
 p - the +4 chain mail of Gozag's Displeasure {Int+7}
   (You found it on level 4 of the Dungeon)

   It affects your intelligence (+7).
 s - a +0 chain mail of cold resistance (worn)
Jewellery
 v - a ring of protection from magic (left hand)
Scrolls
 f - 3 scrolls of remove curse
 i - 6 scrolls of identify
 l - a scroll of fear
 n - a scroll of teleportation
 q - a scroll of fog
Potions
 d - 5 potions of curing
 e - 3 potions of flight
 g - 2 potions of heal wounds
 h - 2 potions of agility
 t - a potion of invisibility
 u - 2 potions of berserk rage
 x - a potion of degeneration
Comestibles
 c - 7 rations


   Skills:
 - Level 3.6 Fighting
 + Level 12.3 Long Blades
 - Level 2.4 Armour
 - Level 2.1 Dodging


You had 7 spell levels left.
You didn't know any spells.
Your spell library was empty.

Dungeon Overview and Level Annotations

Branches:
Dungeon (6/15)             Temple (0/1) D:5

Altars:
Fedhas
Kikubaaqudgha
Makhleb
Uskayaw

Annotations:
D:5 2 transporters, shmeezy's ghost, amateur TrFi
D:6 Pikel


Innate Abilities, Weirdness & Mutations

You reflexively headbutt those who attack you in melee.
You have a pair of horns on your head.


Message History

You feel yourself moving faster!
You feel mighty!
You are feeling hungry.
You block Pikel's attack.
You slash Pikel! You headbutt Pikel, but do no damage.
Pikel is almost dead.
You hit Pikel. Your headbutt misses Pikel.
Pikel is almost dead.
Pikel hits you but does no damage.
You are electrocuted!
* * * LOW HITPOINT WARNING * * *
Your shield and chain mail prevent you from hitting Pikel.
Pikel is almost dead.
You closely miss Pikel.
Pikel is almost dead.
Pikel hits you but does no damage.
Your shield and chain mail prevent you from hitting Pikel.
Pikel is almost dead.
You closely miss Pikel.
Pikel is almost dead.
Pikel hits you with a +1 whip of electrocution!
You die...

... ####... ##########
....... #........# .......
#####........# .......
#............# [......
#............#######.......
#......>.....@Kp...'.....p.
#............##pl..#.......
#####........+.....+......p
#........##....########
###.##############
#########.# ##☼○○○○○§§○°
#.........# ##☼#########
#.........# ##○○○○○○○○○○
#.........###############


You could see Pikel, 2 slaves and an iguana.

Vanquished Creatures
  Edmund (D:4)
  A phantom (D:4)
  A centaur (D:5)
  An ogre (D:5)
  An elf zombie (Ossuary)
  2 crimson imps
  A centaur zombie (Ossuary)
  2 human zombies (Ossuary)
  3 hounds
  5 orc priests
  An iguana (D:6)
  2 orc wizards
  A worker ant (D:5)
  A big kobold zombie (Ossuary)
  A hound zombie (Ossuary)
  4 mummies
  2 howler monkey zombies
  7 gnolls
  8 adders
  5 adder zombies (Ossuary)
  3 dart slugs
  A leopard gecko (D:5)
  10 orcs
  5 giant cockroaches
  7 goblins
  3 hobgoblins
  16 jackals
  13 kobolds
  3 quokkas
  5 ball pythons
  8 bats
  3 frilled lizards
  3 gnoll zombies (Ossuary)
  5 goblin zombies (Ossuary)
  5 hobgoblin zombies (Ossuary)
  3 jackal zombies (Ossuary)
  3 kobold zombies (Ossuary)
  A quokka zombie (Ossuary)
  7 rats
  5 rat zombies (Ossuary)
159 creatures vanquished.

Notes
Turn   | Place    | Note
-------+----------+-------------------------------------------
     0 | D:1      | Curus the Minotaur Berserker began the quest for the Orb.
     0 | D:1      | Reached XP level 1. HP: 19/19 MP: 0/0
    41 | D:1      | Reached skill level 4 in Long Blades
    56 | D:1      | Reached XP level 2. HP: 25/26 MP: 1/1
   189 | D:1      | Reached skill level 5 in Long Blades
   260 | D:1      | Reached ** piety under Trog
   452 | D:1      | Reached XP level 3. HP: 31/31 MP: 2/2
  1038 | D:2      | Found a faded altar of an unknown god.
  1317 | D:2      | Reached skill level 6 in Long Blades
  1317 | D:2      | Reached XP level 4. HP: 23/39 MP: 3/3
  1776 | D:3      | Found a hide-covered altar of Uskayaw.
  2356 | D:4      | Reached skill level 7 in Long Blades
  2356 | D:4      | Reached XP level 5. HP: 23/45 MP: 4/4
  2372 | D:4      | Reached skill level 8 in Long Blades
  2428 | D:4      | Found a burning altar of Makhleb.
  2433 | D:4      | Reached XP level 6. HP: 36/51 MP: 5/5
  2457 | D:4      | Reached *** piety under Trog
  2530 | D:4      | Reached skill level 9 in Long Blades
  2641 | D:4      | Got a faintly glowing chain mail
  2659 | D:4      | Identified the +4 chain mail of Gozag's Displeasure {Int+7}
                  | (You found it on level 4 of the Dungeon)
  2671 | D:4      | Noticed Edmund
  2681 | D:4      | Killed Edmund
  2681 | D:4      | Reached XP level 7. HP: 57/57 MP: 6/6
  2740 | D:4      | Found a blossoming altar of Fedhas.
  2742 | D:4      | Found an ancient bone altar of Kikubaaqudgha.
  3041 | D:5      | Entered Level 5 of the Dungeon
  3074 | D:5      | Reached skill level 10 in Long Blades
  3508 | D:5      | Found a sand-covered staircase.
  3547 | Ossuary  | Entered an ossuary
  3577 | Ossuary  | Reached **** piety under Trog
  3599 | Ossuary  | Reached skill level 11 in Long Blades
  3756 | Ossuary  | Received a gift from Trog
  3783 | Ossuary  | Reached XP level 8. HP: 39/64 MP: 7/7
  4066 | D:5      | Found a staircase to the Ecumenical Temple.
  4137 | D:5      | Reached skill level 12 in Long Blades
  4291 | D:5      | Found a transporter.
  4294 | D:5      | Found a transporter.
  4295 | D:5      | Noticed shmeezy's ghost (amateur TrFi)
  4572 | D:6      | Noticed Pikel
  4602 | D:6      | Slain by Pikel

Skill      XL: |  1  2  3  4  5  6  7  8 |
---------------+-------------------------+-----
Long Blades    | 4 5 6 7 8 9 11 12 | 12.3
Fighting       | |  3.6
Armour         | |  2.4
Dodging        | |  2.1

Action                   |  1- 3 |  4- 6 |  7- 9 || total
-------------------------+-------+-------+-------++-------
Melee: Falchion          |    89 |    87 |   318 ||   494
       Headbutt          |    11 |    27 |    68 ||   106
Invok: Berserk           |       |     2 |     4 ||     6
       Trog's Hand       |       |     1 |       ||     1
  Use: Potion            |     5 |     1 |     5 ||    11
       Scroll            |     7 |     2 |     2 ||    11
  Eat: Chunk             |     1 |     6 |     4 ||    11
       Ration            |       |       |     2 ||     2
Armor: Animal skin       |    11 |       |       ||    11
       Leather armour    |     3 |     6 |       ||     9
       Ring mail         |       |    10 |       ||    10
       Chain mail        |       |     1 |   117 ||   118
Dodge: Dodged            |    56 |    50 |    54 ||   160
Block: Shield            |       |     1 |    79 ||    80
       Rpst.: Falchion   |    19 |    14 |    16 ||    49
